 Dungeon Crawl Stone Soup version 0.31-a0-233-g139696dc86 (webtiles) character file.

Game seed: 15370423396183101030

36 qw the Shooter (level 3, -4/29 HPs)
             Began as a Minotaur Hexslinger on July 8, 2023.
             Slain by Terence
             ... wielding a +0 trident
              (8 damage)
             ... on level 2 of the Dungeon.
             The game lasted 00:00:27 (967 turns).

qw the Shooter (Minotaur Hexslinger)                 Turns: 967, Time: 00:00:27

Health: -4/29      AC:  2    Str: 12    XL:     3   Next: 19%
Magic:  3/3        EV: 12    Int: 10    God:
Gold:   45         SH:  0    Dex: 14    Spells: 3/4 levels left

rFire   . . .        Y - +1 sling
rCold   . . .        (no shield)
rNeg    . . .        c - +0 robe
rPois   .            (helmet restricted)
rElec   .            (no cloak)
rCorr   .            (no gloves)
SInv    .            (no boots)
Will    .....        (no amulet)
Stlth   +            (no ring)
HPRegen 0.24/turn    (no ring)
MPRegen 0.08/turn

%: no passive effects
@: no status effects
A: horns 2, retaliatory headbutt
a: no special abilities


You were on level 2 of the Dungeon.
You visited 1 branch of the dungeon, and saw 2 of its levels.

You collected 45 gold pieces.


Innate Abilities, Weirdness & Mutations

You have a pair of horns on your head.
You reflexively headbutt those who attack you in melee.


   Skills:
 - Level 2.0 Fighting
 + Level 3.7 Ranged Weapons
 - Level 2.1 Dodging
 - Level 1.0 Spellcasting
 - Level 2.0 Hexes


You had 3 spell levels left.
You knew the following spells:

 Your Spells              Type           Power      Damage    Failure   Level
a - Slow                  Hex            16%        N/A       16%         1

Your spell library contained the following spells:

 Spells                   Type           Power      Damage    Failure   Level
 Inner Flame              Hex/Fire       2%         N/A       56%         3
 Portal Projectile        Hex/Tloc       4%         N/A       56%         3
 Cause Fear               Hex            2%         N/A       83%         4

Inventory:

Hand Weapons
 Y - a +1 sling (weapon)
Armour
 c - a +0 robe (worn)
Potions
 a - a potion of haste {unknown}
 f - a potion of enlightenment {unknown}

Dungeon Overview and Level Annotations

Branches:
Dungeon (2/15)

Altars:
Nemelex Xobeh

Shops:
D:2 !

Annotations:
D:2 Terence


Message History

Enter note:
Enter note:
Enter note:
Enter note: Terence hits you from afar with a +0 trident.
960 ||| READING 2 scrolls of teleportation.
As you read the scroll of teleportation, it crumbles to dust.
You feel strangely unstable.
Terence hits you from afar with a +0 trident.
Enter note:
Enter note:
Enter note:
Enter note: Terence misses you.
Enter note: Your surroundings suddenly seem different.
A goblin and a worm come into view.
Found a sparkling altar of Nemelex Xobeh.
Enter note:
Enter note:
Enter note:
Enter note:
Enter note:
Enter note:
Enter note:
Enter note:
Enter note:
965 ||| READING scroll of teleportation.
As you read the scroll of teleportation, it crumbles to dust.
You feel strangely unstable.
You shoot a sling bullet.
The sling bullet completely misses the worm.
The goblin shouts!
You hear an angry hiss.
A frilled lizard comes into view.
You shoot a sling bullet. The sling bullet hits the worm.
The worm is lightly wounded.
Your surroundings suddenly seem different.
Terence hits you from afar with a +0 trident!
You die...

#.# #.# #.# #.######
#.###......# #####
#>.#######.# #...#
#...## #.#### #...#
##...#####....# #...#
###..........###...####
#....................
###.@................
#.#.###############
#.#@### #.<...######
#####......# #......#
#......## ##......#
###....#


You could see Terence.

Vanquished Creatures
  4 bats (D:1)
  2 endoplasms (D:1)
  3 giant cockroaches (D:1)
  5 goblins (D:1)
  3 hobgoblins (D:1)
  4 jackals (D:1)
  5 ball pythons (D:1)
  2 frilled lizards (D:1)
  A kobold (D:1)
  2 rats (D:1)
31 creatures vanquished.

Notes
Turn   | Place    | Note
-------+----------+-------------------------------------------
     0 | D:1      | qw the Minotaur Hexslinger began the quest for the Orb.
     0 | D:1      | Reached XP level 1. HP: 16/16 MP: 1/1
     0 | D:1      | 0 ||| qw: Version: 0.3-a-46-gb1f654a
     0 | D:1      | 0 ||| qw: Game counter: 3349
     0 | D:1      | 0 ||| qw: Melee chars always use a shield: true
     0 | D:1      | 0 ||| qw: God list: Okawaru
     0 | D:1      | 0 ||| qw: Allow faded altars: false
     0 | D:1      | 0 ||| qw: Do Orc after clearing Dungeon:15 true
     0 | D:1      | 0 ||| qw: Do second Lair branch before Depths: true
     0 | D:1      | 0 ||| qw: Lair rune preference: random
     0 | D:1      | 0 ||| qw: Goals: Normal
     0 | D:1      | 0 ||| PLANNING D:1-11
   149 | D:1      | Reached skill level 3 in Ranged Weapons
   150 | D:1      | Reached XP level 2. HP: 23/23 MP: 2/2
   164 | D:1      | Found a faded altar of an unknown god.
   471 | D:1      | Reached XP level 3. HP: 29/29 MP: 3/3
   747 | D:1      | 747 ||| READING scroll labelled ANUISH PEESYPH.
   748 | D:1      | 748 ||| READING 2 scrolls labelled VAMESU LISMIL.
   752 | D:1      | 752 ||| READING 2 scrolls labelled BEMUZUSUCO.
   753 | D:1      | 753 ||| DROPPING scroll of poison.
   754 | D:1      | 754 ||| DROPPING scroll of vulnerability.
   905 | D:2      | Found Tekhyntoth's Distillery.
   911 | D:2      | 911 ||| SHOPLISTING potion of curing (39 gold, have 30).
   911 | D:2      | 911 ||| SHOPLISTING potion of heal wounds (65 gold, have
                  | 30).
   911 | D:2      | 911 ||| SHOPLISTING potion of mutation (104 gold, have 30).
   944 | D:2      | Noticed Terence
   959 | D:2      | HP: 5/29 [Terence/+0 trident (6)]
   960 | D:2      | 960 ||| READING 2 scrolls of teleportation.
   964 | D:2      | Found a sparkling altar of Nemelex Xobeh.
   965 | D:2      | 965 ||| READING scroll of teleportation.
   967 | D:2      | Slain by Terence

Levels and vault maps discovered:
D:1:      dpeg_arrival_rooms_a, layout_loops_cross,
          shapermc_ecumenical_altar_mp_highgroup, minmay_tetromino_s4
D:2:      layout_basic, serial_shops, shop, basic_altar, uniq_terence

Skill      XL: |  1  2 |
---------------+-------+-----
Ranged Weapons | 3 |  3.7
Fighting       | 2 |  2.0
Dodging        | |  2.1
Spellcasting   | |  1.0
Hexes          | |  2.0

Action                     || total
---------------------------++-------
   Fire: Sling             ||   101
    Use: Scroll            ||     5
 Armour: Robe              ||     8
  Dodge: Dodged            ||    30

Table legend:
 A = Non-vault XP
 B = Vault XP
 C = Vault XP percentage of total XP
 D = Non-vault monster count
 E = Vault monster count
 F = Vault count percentage of total count
                 A         B        C        D         E       F
            +---------+---------+-------+---------+---------+-------
      Total |      49 |       3 |   5.8 |      29 |       2 |   6.5
            +---------+---------+-------+---------+---------+-------
        D:1 |      49 |       3 |   5.8 |      29 |       2 |   6.5
            +---------+---------+-------+---------+---------+-------
